 Dungeon Crawl Stone Soup version 0.23-a0-550-g7de1f8e (webtiles) character file.

8476 Lavandula the Slicer (level 11, -4/71 HPs)
             Began as a Halfling Enchanter on Dec 8, 2018.
             Was a High Priest of Cheibriados.
             Shot with an arrow by a centaur warrior (14 damage)
             ... on level 14 of the Dungeon.
             The game lasted 00:34:08 (6073 turns).

Lavandula the Slicer (Halfling Enchanter)           Turns: 6073, Time: 00:34:09

Health: -4/71      AC:  6    Str: 19 (20) XL:     11   Next: 56%
Magic:  17/17      EV: 21    Int: 26 (27) God:    Cheibriados [*****.]
Gold:   517        SH:  0    Dex: 27      Spells: 4/16 levels left

rFire    + . .     SeeInvis .   r - +6 dagger (venom)
rCold    . . .     Gourm    .   (shield restricted)
rNeg     . . .     Faith    .   b - +1 robe
rPois    .         Spirit   .   h - +2 hat
rElec    .         Reflect  .   (no cloak)
rCorr    .         Harm     .   (no gloves)
MR       .....                  (no boots)
Stlth    ++++......             q - amulet of inaccuracy (curse)
HPRegen  0.21/turn              k - +1 ring of protection
MPRegen  0.15/turn              x - ring of protection from fire

@: very slow
A: small, mutation resistance 1, MP-powered wands
a: Bend Time, Temporal Distortion, Slouch, Step From Time, Renounce Religion


You were on level 14 of the Dungeon.
You worshipped Cheibriados.
Cheibriados was extremely pleased with you.
You were not hungry.

You visited 3 branches of the dungeon, and saw 16 of its levels.
You also visited: Sewer.

You collected 517 gold pieces.

Inventory:

Hand Weapons
 r - a +6 dagger of venom (weapon)
 H - a +5 scimitar
Armour
 b - a +1 robe (worn)
 h - a +2 hat (worn)
Jewellery
 k - a +1 ring of protection (left hand)
 q - a cursed amulet of inaccuracy (around neck)
 x - a ring of protection from fire (right hand)
Wands
 v - a wand of paralysis (8)
 y - a wand of random effects (13)
 B - a wand of flame (23)
Scrolls
 c - 3 scrolls of amnesia
 e - 4 scrolls of enchant armour
 i - 3 scrolls of remove curse
 m - a scroll of blinking
 t - 4 scrolls of teleportation
 w - 2 scrolls of immolation {unknown}
 C - a scroll of fear {unknown}
 F - a scroll of fog {unknown}
Potions
 a - 2 potions of heal wounds
 f - a potion of experience {unknown}
 g - a potion of brilliance
 j - 2 potions of might
 l - 2 potions of flight
 n - a potion of degeneration
 o - a potion of berserk rage {unknown}
 p - 3 potions of lignification
 s - 3 potions of magic {unknown}
 u - 2 potions of curing {unknown}
 z - a potion of resistance {unknown}
 A - a potion of mutation
 D - a potion of cancellation {unknown}
Miscellaneous
 E - a lightning rod (inert)
Comestibles
 d - 13 rations


   Skills:
 - Level 5.1 Fighting
 - Level 10.4(11.0) Short Blades
 + Level 4.8(7.4) Long Blades
 - Level 6.1 Dodging
 - Level 6.2 Stealth
 - Level 3.0 Spellcasting
 - Level 3.7 Conjurations
 - Level 2.4 Hexes
 - Level 9.3 Invocations
 - Level 3.0 Evocations


You had 4 spell levels left.
You knew the following spells:

 Your Spells              Type           Power        Failure   Level  Hunger
a - Corona                Hex            ###....      3%          1    None
b - Ensorcelled Hibernat  Hex/Ice        ##....       9%          2    ##.....
c - Dazzling Spray        Conj/Hex       ###...       9%          3    ###....
d - Tukima's Dance        Hex            ###.....     11%         3    ###....
e - Confuse               Hex            ###.....     11%         3    ###....

Your spell library contained the following spells:

 Spells                   Type           Power        Failure   Level  Hunger
 Flame Tongue             Conj/Fire      ##...        4%          1    None
 Throw Flame              Conj/Fire      ##....       7%          2    ##.....
 Sandblast                Erth           #.....       10%         1    None
 Conjure Flame            Conj/Fire      ##......     13%         3    ###....
 Stone Arrow              Conj/Erth      ##....       13%         3    ###....
 Passwall                 Tmut/Erth      #.......     14%         2    ##.....
 Inner Flame              Hex/Fire       ##......     17%         3    ###....
 Ignite Poison            Fire/Tmut/Pois #.......     28%         3    ###....
 Sticky Flame             Conj/Fire      ##......     41%         4    ####...
 Petrify                  Tmut/Erth      #.......     67%         4    ####...
 Fireball                 Conj/Fire      ##........   77%         5    ######.
 Lee's Rapid Deconstruct  Erth           #.........   95%         5    ######.
 Bolt of Fire             Conj/Fire      ##........   100%        6    #######


Dungeon Overview and Level Annotations

Branches:
Dungeon (14/15)            Temple (1/1) D:7            Lair (1/6) D:9
    Orc: D:9-12      Vaults: D:13-14

Altars:
Ashenzari
Cheibriados
Elyvilon
Fedhas
Gozag
Hepliaklqana
Kikubaaqudgha
Nemelex Xobeh
Okawaru
Qazlal
Ru
Sif Muna
Uskayaw
Yredelemnul
Zin

Shops:
D:11 (

Annotations:
D:4 2 transporters, Sigmund
D:6 1 runed door, Mgcat's ghost, novice DEEE
D:9 orc
D:11 Harold
D:13 exclusion: obsidian statue


Innate Abilities, Weirdness & Mutations

You are small and have problems with some larger weapons.
You are somewhat resistant to further mutation.
You expend magic power (3 MP) to strengthen your wands.


Message History

* * * LOW HITPOINT WARNING * * *
You hit the cyclops.
You kill the cyclops!
Cheibriados appreciates the change of pace.
You feel your dexterity returning.
You see here a cyclops corpse.
t - 4 scrolls of teleportation (gained 1)
You start resting.
Magic restored.
A crimson imp comes into view.
A centaur warrior comes into view.
You see here a book of Geomancy.
You pick up a book of Geomancy and begin reading...
You add the spells Sandblast, Passwall, Stone Arrow, Petrify and Lee's Rapid The centaur warrior shouts!
The centaur warrior wields a +0 shortbow.
The centaur warrior shoots an arrow.
The arrow hits you!
* * * LOW HITPOINT WARNING * * *
The centaur warrior shoots an arrow.
The arrow hits you!
You die...

#. #......†.......
#####'##..............
#......#..............
#......'..............
#......#..............
##......#..............
#.............)........
#......................
#.....@...#############
#.........# #c..5.....#
#.......$.# #.........#
###+##..... #.###.# #.#
.#


You could see a centaur warrior and a crimson imp.

Vanquished Creatures
  An obsidian statue (D:10)
  A cyclops (D:14)
  A wolf spider (D:11)
  A centaur zombie (D:10)
  A gargoyle (D:14)
  2 kobold demonologists
  6 yaks (D:11)
  3 wyverns
  2 hungry ghosts
  A water moccasin (D:7)
  2 black bears
  2 ice beasts
  A phantom (D:11)
  4 orc warriors
  A necrophage (D:10)
  6 ogres
  6 big kobolds
  A gnoll sergeant (D:9)
  7 bullfrogs
  3 scorpions
  3 killer bees
  3 wights (D:11)
  5 crimson imps
  A quasit (D:5)
  11 orc priests
  2 bullfrog skeletons
  2 jellies
  2 centaur skeletons
  2 hounds
  11 orc wizards
  10 worker ants
  A worker ant zombie (D:8)
  6 gnolls
  16 adders
  A river rat (Sewer)
  2 shadow imps
  An ooze (D:3)
  An adder zombie (D:7)
  2 worms
  2 dart slugs
  2 leopard geckos
  49 orcs
  6 ball pythons
  A giant cockroach (D:3)
  4 goblins
  6 hobgoblins
  19 jackals
  A quokka (D:2)
  5 bats
  4 frilled lizards
  20 kobolds
  A quokka skeleton (D:9)
  12 rats
266 creatures vanquished.

Notes
Turn   | Place    | Note
-------+----------+-------------------------------------------
     0 | D:1      | Lavandula the Halfling Enchanter began the quest for the
                  | Orb.
     0 | D:1      | Reached XP level 1. HP: 11/11 MP: 3/3
    82 | D:1      | Reached skill level 2 in Short Blades
   302 | D:1      | Reached XP level 2. HP: 15/17 MP: 4/4
   528 | D:2      | Reached skill level 3 in Short Blades
   560 | D:2      | Reached XP level 3. HP: 12/21 MP: 5/5
   610 | D:1      | Learned a level 2 spell: Ensorcelled Hibernation
   821 | D:1      | Reached skill level 4 in Short Blades
   942 | D:2      | Reached XP level 4. HP: 20/27 MP: 3/6
   959 | D:2      | Learned a level 3 spell: Dazzling Spray
  1065 | D:3      | Noticed a bullfrog
  1127 | D:3      | Reached skill level 5 in Short Blades
  1209 | D:3      | Found an opulent altar of Gozag.
  1235 | D:3      | Reached XP level 5. HP: 16/31 MP: 2/7
  1426 | D:3      | Killed a bullfrog
  1426 | D:3      | Reached skill level 6 in Short Blades
  1426 | D:3      | Reached XP level 6. HP: 15/36 MP: 2/8
  1584 | D:4      | Noticed a phantom
  1587 | D:4      | Reached skill level 7 in Short Blades
  1593 | D:4      | Noticed Sigmund
  1640 | D:4      | Noticed a black bear
  1667 | D:4      | Found a transporter.
  1667 | D:4      | Noticed a vampire mosquito
  1668 | D:4      | Found a transporter.
  1668 | D:4      | Found a white marble altar of Elyvilon.
  1712 | D:5      | Entered Level 5 of the Dungeon
  1750 | D:5      | Reached skill level 8 in Short Blades
  1750 | D:5      | Reached XP level 7. HP: 28/41 MP: 6/9
  1876 | D:5      | Learned a level 3 spell: Tukima's Dance
  1974 | D:5      | Found a glowing drain.
  1978 | Sewer    | Entered a sewer
  2091 | Sewer    | Reached skill level 9 in Short Blades
  2711 | D:5      | Reached skill level 1 in Evocations
  2711 | D:5      | Reached XP level 8. HP: 43/46 MP: 1/10
  2868 | D:7      | Reached skill level 1 in Fighting
  2877 | D:7      | Found a staircase to the Ecumenical Temple.
  2940 | Temple   | Entered the Ecumenical Temple
  3132 | Temple   | Became a worshipper of Cheibriados the Contemplative
  3208 | D:6      | Found an iron altar of Okawaru.
  3220 | D:6      | Reached skill level 5 in Dodging
  3266 | D:6      | Noticed Mgcat's ghost (novice DEEE)
  3280 | D:6      | Reached XP level 9. HP: 55/55 MP: 8/11
  3284 | D:6      | Found a runed door.
  3412 | D:7      | Learned a level 3 spell: Confuse
  3438 | D:7      | Reached * piety under Cheibriados
  3550 | D:7      | Reached skill level 1 in Conjurations
  3687 | D:8      | Reached ** piety under Cheibriados
  3703 | D:9      | Found a staircase to the Lair.
  3818 | D:9      | Noticed a kobold demonologist
  3828 | D:9      | Killed a kobold demonologist
  3828 | D:9      | Reached skill level 10 in Short Blades
  3839 | Lair:1   | Entered Level 1 of the Lair of Beasts
  3867 | D:9      | Reached XP level 10. HP: 50/65 MP: 6/13
  3888 | D:10     | Entered Level 10 of the Dungeon
  3929 | D:9      | Found an ancient bone altar of Kikubaaqudgha.
  3996 | D:9      | Reached *** piety under Cheibriados
  4013 | D:9      | Reached skill level 5 in Stealth
  4147 | D:9      | Reached skill level 5 in Fighting
  4227 | D:9      | Reached skill level 1 in Invocations
  4298 | D:10     | Reached **** piety under Cheibriados
  4449 | D:10     | Reached skill level 5 in Invocations
  4552 | D:11     | Found Burr's Weapon Shop.
  4674 | D:10     | Noticed an obsidian statue
  4692 | D:10     | Identified the Compendium of Fire
  4718 | D:10     | Killed an obsidian statue
  4728 | D:10     | Reached XP level 11. HP: 54/70 MP: 11/16
  4853 | D:11     | Reached ***** piety under Cheibriados
  5325 | D:11     | Noticed a wolf spider
  5361 | D:11     | Killed a wolf spider
  5402 | D:11     | Noticed Harold
  5405 | D:11     | Gained mutation: You expend magic power (3 MP) to
                  | strengthen your wands. [potion of mutation]
  5660 | D:12     | Noticed a green ugly thing
  5880 | D:13     | Noticed an obsidian statue
  5933 | D:14     | Noticed a cyclops
  5968 | D:14     | HP: 2/71 [cyclops (33)]
  5969 | D:14     | Killed a cyclops
  6070 | D:14     | Noticed a centaur warrior
  6073 | D:14     | Shot with an arrow by a centaur warrior

Vault maps used:
D:1:      dpeg_cavernosity
D:2:      minivault_23
D:3:      overflow_temple_1_default, minivault_11
D:4:      gammafunk_temple_overflow_arena, first_ration, chequers_avenue,
          uniq_sigmund, uniq_ijyb
D:5:      portal_sewer_entry_e, chequers_serial_rivers_micro_e
D:6:      basic_altar, hellmonk_ghost_happy_afterlife, uniq_menkaure
D:7:      temple_fountains, minmay_small_thing, uniq_pikel, uniq_joseph
D:8:      kennysheep_little_box, gammafunk_ghost_stat_death, skrybe_limestone_x
D:9:      wad_pebble_path, minmay_overflow_temple_hex,
          kennysheep_vampire_church, lair_entry_dummy, hiddenorc2_lemuel,
          basic_altar
D:10:     minmay_statue_hallways, minmay_misc_feat_roman, grunt_pizzeria
D:11:     serial_shops, shop, amethyst_killhole, uniq_harold
D:12:     small_statue_intersection, lightli_airlock
D:13:     kennysheep_kobold_grotto, nicolae_trove_entry_crystal,
          evilmike_ruin_ashenzari, uniq_rupert
D:14:     david_vaults_5, abandoned_shop
Temple:   minmay_temple_bridge_abc
Lair:1:   serial_bayou, serial_bayou_pond_e, serial_bayou_lagoon_a,
          serial_bayou_pond_a, serial_bayou_lagoon_b, gammafunk_ghost_ooze
Sewer:    sewer_co_cracked_pipes

Skill      XL: |  1  2  3  4  5  6  7  8  9 10 11 |
---------------+----------------------------------+-----
Short Blades   | 2 3 4 5 6 8 9 10 | 10.4
Evocations     | 1 3 |  3.0
Fighting       | 2 4 5 |  5.1
Dodging        | 5 6 |  6.1
Spellcasting   | 2 3 |  3.0
Conjurations   | 3 |  3.7
Stealth        | 6 |  6.2
Invocations    | 7 9 |  9.3
Long Blades    | 4 |  4.8
Hexes          | |  2.4

Action                   |  1- 3 |  4- 6 |  7- 9 | 10-12 || total
-------------------------+-------+-------+-------+-------++-------
Melee: Dagger            |    84 |   125 |   367 |   392 ||   968
       Scimitar          |       |       |       |     9 ||     9
 Cast: Corona            |    10 |       |       |       ||    10
       Ensorcelled Hiber |     3 |    19 |    25 |    11 ||    58
       Dazzling Spray    |       |       |     8 |    33 ||    41
       Confuse           |       |       |       |     7 ||     7
       Tukima's Dance    |       |       |       |     4 ||     4
Invok: Slouch            |       |       |       |     1 ||     1
Evoke: Wand              |       |       |     3 |     8 ||    11
       Lightning rod     |       |       |       |     7 ||     7
  Use: Scroll            |     5 |     7 |     4 |     2 ||    18
       Potion            |       |     1 |     2 |     4 ||     7
 Stab: Sleeping          |    12 |    16 |    20 |    12 ||    60
       Distracted        |       |     1 |       |       ||     1
       Invisible         |       |       |     4 |     6 ||    10
       Paralysed         |       |       |     1 |       ||     1
       Confused          |       |       |       |     2 ||     2
  Eat: Chunk             |     1 |     4 |    10 |     8 ||    23
       Ration            |       |       |       |     1 ||     1
Armor: Robe              |    14 |    41 |    62 |    35 ||   152
Dodge: Dodged            |    47 |    87 |   210 |   256 ||   600
       Rpst.: Scimitar   |       |       |       |     2 ||     2

Table legend:
 A = Non-vault XP
 B = Vault XP
 C = Vault XP percentage of total XP
 D = Non-vault monster count
 E = Vault monster count
 F = Vault count percentage of total count
                 A         B        C        D         E       F
            +---------+---------+-------+---------+---------+-------
      Total |   10286 |    1823 |  15.1 |     209 |      57 |  21.4
            +---------+---------+-------+---------+---------+-------
        D:1 |      25 |       5 |  16.7 |      12 |       4 |  25.0
        D:2 |      64 |       0 |   0.0 |      15 |       0 |   0.0
        D:3 |     191 |       0 |   0.0 |      20 |       0 |   0.0
        D:4 |     211 |       0 |   0.0 |       8 |       0 |   0.0
        D:5 |     479 |       0 |   0.0 |      25 |       0 |   0.0
        D:6 |     581 |       0 |   0.0 |      10 |       0 |   0.0
        D:7 |    1137 |       0 |   0.0 |      28 |       0 |   0.0
        D:8 |     497 |       0 |   0.0 |      10 |       0 |   0.0
        D:9 |    1159 |     541 |  31.8 |      23 |      27 |  54.0
       D:10 |    1437 |     815 |  36.2 |      22 |       2 |   8.3
       D:11 |    3064 |       0 |   0.0 |      29 |       0 |   0.0
       D:13 |     178 |     406 |  69.5 |       2 |       8 |  80.0
       D:14 |    1263 |       0 |   0.0 |       5 |       0 |   0.0
      Sewer |       0 |      56 | 100.0 |       0 |      16 | 100.0
            +---------+---------+-------+---------+---------+-------
